Workbook

Sheet 法適用_水道事業
B2: 経営比較分析表（平成30年度決算）
B6: =データ!H6 -> 千葉県 銚子市
B7: 業務名 | I7: 業種名 | P7: 事業名 | W7: 類似団体区分 | AD7: 管理者の情報 | AL7: 人口（人） | AT7: 面積(km2) | BB7: 人口密度(人/km2) | BL7: グラフ凡例
B8: =データ!$I$6 -> 法適用 | I8: =データ!$J$6 -> 水道事業 | P8: =データ!$K$6 -> 末端給水事業 | W8: =データ!$L$6 -> A4 | AD8: =データ!$M$6 -> 非設置 | AL8: =データ!$R$6 -> 61684 | AT8: =データ!$S$6 -> 84.2 | BB8: =データ!$T$6 -> 732.59 | BL8: ■ | BN8: 当該団体値（当該値）
B9: 資金不足比率(％) | I9: 自己資本構成比率(％) | P9: 普及率(％) | W9: 1か月20ｍ3当たり家庭料金(円) | AL9: 現在給水人口(人) | AT9: 給水区域面積(km2) | BB9: 給水人口密度(人/km2) | BL9: － | BN9: 類似団体平均値（平均値）
B10: =データ!$N$6 -> - | I10: =データ!$O$6 -> 70.16 | P10: =データ!$P$6 -> 98.86 | W10: =データ!$Q$6 -> 3013 | AL10: =データ!$U$6 -> 60448 | AT10: =データ!$V$6 -> 62.8 | BB10: =データ!$W$6 -> 962.55 | BL10: 【】 | BN10: 平成30年度全国平均
BL11: 分析欄
B14: 1. 経営の健全性・効率性 | BL14: 1. 経営の健全性・効率性について
BL16: 【経営の健全性について】 ①経常収支比率からは、単年度黒字の維持、⑤料金回収率からは、給水費用が給水収益によって賄われていることが読み取れる。なお、前年度と比較した際、数値に落ち込みがみられるが、これは、人口減少による給水量の減少のほか、一時的に特定の法人の使用水量が落ち込んだことが影響している。 ③流動比率から読み取れる支払い能力には特段の問題はなく、④企業債残高対給水収益比率も類似団体平均値を下回っていることから、現在のところ水道事業は安定的に運営されている。 しかし、今後については、老朽化した施設の更新が控えていることから、流動資産（現金）の減少や、企業債残高の増加が見込まれる。 【経営の効率性について】 ⑥給水原価は、類似団体平均よりも費用が高いことがわかるが、この主な要因は減価償却費や受水費で、減価償却費については、取水場の立地条件から導水管布設に多額の建設費が発生したことや、利根川最下流の水質を改善するため高度浄水処理施設を建設したこと等が要因となっている。 ⑦施設利用率は、類似団体平均より高くなっているものの、今後は更なる給水量の減少を見込んだ施設規模の適正化を進めていく必要がある。 ⑧有収率については、配水管布設替えや漏水調査によって、全国平均、類似団体平均に比べて高い水準が維持されている。
BL45: 2. 老朽化の状況について
BL47: ①有形固定資産減価償却率は、年々数値が高くなっていることから、法定耐用年数に近い資産が増えてきていることがわかる。 ②管路経年化率及び③管路更新率は数値の後退がみられるが、これは近年配水管の更新が比較的順調に進捗してきたことに比べ、喫緊の課題であった浄水施設の更新を現在重点的に行っているためである。
B60: 2. 老朽化の状況
BL64: 全体総括
BL66: 銚子市の水道事業は、現在比較的安定した運営を行っているものの、人口減少に伴う給水量及び給水収益減少のため、費用縮減及び施設規模の適正化が課題となっている。また、老朽化施設の更新需要も高まっていることから、将来的にはより適正な料金水準、料金体系への移行が避けられない状況である。 これらの課題を受け、今後は東総広域水道企業団からの受水の割合を徐々に増やすことを柱とした施設更新を進めている。これは、将来的に人口減少により受水のみで市内の水量が賄える見込みがあることを前提に、受水単価が割高である問題を解消するための計画である。 受水の増量後も浄水場は引き続き稼働するが、施設への負荷は大幅に軽減する見込みである。 今後はこの計画に必要な受水のための施設を整備しつつ、更新時期となる浄水施設等をダウンサイジングして、費用縮減及び施設規模の適正化を行っていく。
B84: 全国平均 | E84: 1① | F84: 1② | G84: 1③ | H84: 1④ | I84: 1⑤ | J84: 1⑥ | K84: 1⑦ | L84: 1⑧ | M84: 2① | N84: 2② | O84: 2③
E85: =データ!AH6 -> 【112.83】 | F85: =データ!AS6 -> 【1.05】 | G85: =データ!BD6 -> 【261.93】 | H85: =データ!BO6 -> 【270.46】 | I85: =データ!BZ6 -> 【103.91】 | J85: =データ!CK6 -> 【167.11】 | K85: =データ!CV6 -> 【60.27】 | L85: =データ!DG6 -> 【89.92】 | M85: =データ!DR6 -> 【48.85】 | N85: =データ!EC6 -> 【17.80】 | O85: =データ!EN6 -> 【0.70】

Sheet データ
A1: 水道事業(法適用) | X1: 1 | Y1: 1 | Z1: 1 | AA1: 1 | AB1: 1 | AC1: 1 | AD1: 1 | AE1: 1 | AF1: 1 | AG1: 1 | AI1: 1 | AJ1: 1 | AK1: 1 | AL1: 1 | AM1: 1 | AN1: 1 | AO1: 1 | AP1: 1 | AQ1: 1 | AR1: 1 | AT1: 1 | AU1: 1 | AV1: 1 | AW1: 1 | AX1: 1 | AY1: 1 | AZ1: 1 | BA1: 1 | BB1: 1 | BC1: 1 | BE1: 1 | BF1: 1 | BG1: 1 | BH1: 1 | BI1: 1 | BJ1: 1 | BK1: 1 | BL1: 1 | BM1: 1 | BN1: 1 | BP1: 1 | BQ1: 1 | BR1: 1 | BS1: 1 | BT1: 1 | BU1: 1 | BV1: 1 | BW1: 1 | BX1: 1 | BY1: 1 | CA1: 1 | CB1: 1 | CC1: 1 | CD1: 1 | CE1: 1 | CF1: 1 | CG1: 1 | CH1: 1 | CI1: 1 | CJ1: 1 | CL1: 1 | CM1: 1 | CN1: 1 | CO1: 1 | CP1: 1 | CQ1: 1 | CR1: 1 | CS1: 1 | CT1: 1 | CU1: 1 | CW1: 1 | CX1: 1 | CY1: 1 | CZ1: 1 | DA1: 1 | DB1: 1 | DC1: 1 | DD1: 1 | DE1: 1 | DF1: 1 | DH1: 1 | DI1: 1 | DJ1: 1 | DK1: 1 | DL1: 1 | DM1: 1 | DN1: 1 | DO1: 1 | DP1: 1 | DQ1: 1 | DS1: 1 | DT1: 1 | DU1: 1 | DV1: 1 | DW1: 1 | DX1: 1 | DY1: 1 | DZ1: 1 | EA1: 1 | EB1: 1 | ED1: 1 | EE1: 1 | EF1: 1 | EG1: 1 | EH1: 1 | EI1: 1 | EJ1: 1 | EK1: 1 | EL1: 1 | EM1: 1
A2: 項番 | B2: =COLUMN()-1 -> 1 | C2: =COLUMN()-1 -> 2 | D2: =COLUMN()-1 -> 3 | E2: =COLUMN()-1 -> 4 | F2: =COLUMN()-1 -> 5 | G2: =COLUMN()-1 -> 6 | H2: =COLUMN()-1 -> 7 | I2: =COLUMN()-1 -> 8 | ... EN2: =COLUMN()-1 -> 143
A3: 大項目 | B3: 年度 | C3: 団体CD | D3: 業務CD | E3: 業種CD | F3: 事業CD | G3: 施設CD | H3: 基本情報 | X3: 1. 経営の健全性・効率性 | DH3: 2. 老朽化の状況
A4: 中項目 | X4: ①経常収支比率(％) | AI4: ②累積欠損金比率(％) | AT4: ③流動比率(％) | BE4: ④企業債残高対給水収益比率(％) | BP4: ⑤料金回収率(％) | CA4: ⑥給水原価(円) | CL4: ⑦施設利用率(％) | CW4: ⑧有収率(％) | DH4: ①有形固定資産減価償却率(％) | DS4: ②管路経年化率(％) | ED4: ③管路更新率(％)
A5: 小項目 | H5: 都道府県名 | I5: 法適・法非適 | J5: 業種名称 | K5: 事業名称 | L5: 類似団体 | M5: 管理者の情報 | N5: 資金不足比率 | O5: 自己資本構成比率 | P5: 普及率 | Q5: 1ヶ月20㎥当たり家庭料金 | R5: 人口 | S5: 面積 | T5: 人口密度 | U5: 給水人口 | V5: 給水区域面積 | W5: 給水人口密度 | X5: 比率(N-4) | Y5: 比率(N-3) | Z5: 比率(N-2) | AA5: 比率(N-1) | AB5: 比率(N) | AC5: 類似団体平均(N-4) | AD5: 類似団体平均(N-3) | AE5: 類似団体平均(N-2) | AF5: 類似団体平均(N-1) | AG5: 類似団体平均(N) | AH5: 全国平均 | AI5: 比率(N-4) | AJ5: 比率(N-3) | AK5: 比率(N-2) | AL5: 比率(N-1) | AM5: 比率(N) | AN5: 類似団体平均(N-4) | AO5: 類似団体平均(N-3) | AP5: 類似団体平均(N-2) | AQ5: 類似団体平均(N-1) | AR5: 類似団体平均(N) | AS5: 全国平均 | AT5: 比率(N-4) | AU5: 比率(N-3) | AV5: 比率(N-2) | AW5: 比率(N-1) | AX5: 比率(N) | AY5: 類似団体平均(N-4) | AZ5: 類似団体平均(N-3) | BA5: 類似団体平均(N-2) | BB5: 類似団体平均(N-1) | BC5: 類似団体平均(N) | BD5: 全国平均 | BE5: 比率(N-4) | BF5: 比率(N-3) | BG5: 比率(N-2) | BH5: 比率(N-1) | BI5: 比率(N) | BJ5: 類似団体平均(N-4) | BK5: 類似団体平均(N-3) | BL5: 類似団体平均(N-2) | BM5: 類似団体平均(N-1) | BN5: 類似団体平均(N) | BO5: 全国平均 | BP5: 比率(N-4) | BQ5: 比率(N-3) | BR5: 比率(N-2) | BS5: 比率(N-1) | BT5: 比率(N) | BU5: 類似団体平均(N-4) | BV5: 類似団体平均(N-3) | BW5: 類似団体平均(N-2) | BX5: 類似団体平均(N-1) | BY5: 類似団体平均(N) | BZ5: 全国平均 | CA5: 比率(N-4) | CB5: 比率(N-3) | CC5: 比率(N-2) | CD5: 比率(N-1) | CE5: 比率(N) | CF5: 類似団体平均(N-4) | CG5: 類似団体平均(N-3) | CH5: 類似団体平均(N-2) | CI5: 類似団体平均(N-1) | CJ5: 類似団体平均(N) | CK5: 全国平均 | CL5: 比率(N-4) | CM5: 比率(N-3) | CN5: 比率(N-2) | CO5: 比率(N-1) | CP5: 比率(N) | CQ5: 類似団体平均(N-4) | CR5: 類似団体平均(N-3) | CS5: 類似団体平均(N-2) | CT5: 類似団体平均(N-1) | CU5: 類似団体平均(N) | CV5: 全国平均 | CW5: 比率(N-4) | CX5: 比率(N-3) | CY5: 比率(N-2) | CZ5: 比率(N-1) | DA5: 比率(N) | DB5: 類似団体平均(N-4) | DC5: 類似団体平均(N-3) | DD5: 類似団体平均(N-2) | DE5: 類似団体平均(N-1) | DF5: 類似団体平均(N) | DG5: 全国平均 | DH5: 比率(N-4) | DI5: 比率(N-3) | DJ5: 比率(N-2) | DK5: 比率(N-1) | DL5: 比率(N) | DM5: 類似団体平均(N-4) | DN5: 類似団体平均(N-3) | DO5: 類似団体平均(N-2) | DP5: 類似団体平均(N-1) | DQ5: 類似団体平均(N) | DR5: 全国平均 | DS5: 比率(N-4) | DT5: 比率(N-3) | DU5: 比率(N-2) | DV5: 比率(N-1) | DW5: 比率(N) | DX5: 類似団体平均(N-4) | DY5: 類似団体平均(N-3) | DZ5: 類似団体平均(N-2) | EA5: 類似団体平均(N-1) | EB5: 類似団体平均(N) | EC5: 全国平均 | ED5: 比率(N-4) | EE5: 比率(N-3) | EF5: 比率(N-2) | EG5: 比率(N-1) | EH5: 比率(N) | EI5: 類似団体平均(N-4) | EJ5: 類似団体平均(N-3) | EK5: 類似団体平均(N-2) | EL5: 類似団体平均(N-1) | EM5: 類似団体平均(N) | EN5: 全国平均
A6: 参照用 | B6: =B7 -> 2018 | C6: =C7 -> 122025 | D6: =D7 -> 46 | E6: =E7 -> 1 | F6: =F7 -> 0 | G6: =G7 -> 1 | H6: =H7 -> 千葉県 銚子市 | I6: =I7 -> 法適用 | ... W6: =W7 -> 962.55 | X6: =IF(X7="",NA(),X7) -> 109.8 | Y6: =IF(Y7="",NA(),Y7) -> 110.41 | Z6: =IF(Z7="",NA(),Z7) -> 113.72 | AA6: =IF(AA7="",NA(),AA7) -> 112.09 | AB6: =IF(AB7="",NA(),AB7) -> 108.72 | AC6: =IF(AC7="",NA(),AC7) -> 111.96 | AD6: =IF(AD7="",NA(),AD7) -> 112.69 | AE6: =IF(AE7="",NA(),AE7) -> 113.16 | ... AG6: =IF(AG7="",NA(),AG7) -> 111.44 | AH6: =IF(AH7="","",IF(AH7="-","【-】","【"&SUBSTITUTE(TEXT(AH7,"#,##0.00"),"-","△")&"】")) -> 【112.83】 | AI6: =IF(AI7="",NA(),AI7) -> 0 | AJ6: =IF(AJ7="",NA(),AJ7) -> 0 | AK6: =IF(AK7="",NA(),AK7) -> 0 | AL6: =IF(AL7="",NA(),AL7) -> 0 | AM6: =IF(AM7="",NA(),AM7) -> 0 | AN6: =IF(AN7="",NA(),AN7) -> 0.41 | AO6: =IF(AO7="",NA(),AO7) -> 0.54 | AP6: =IF(AP7="",NA(),AP7) -> 0.68 | ... AR6: =IF(AR7="",NA(),AR7) -> 1.03 | AS6: =IF(AS7="","",IF(AS7="-","【-】","【"&SUBSTITUTE(TEXT(AS7,"#,##0.00"),"-","△")&"】")) -> 【1.05】 | AT6: =IF(AT7="",NA(),AT7) -> 300.47 | AU6: =IF(AU7="",NA(),AU7) -> 289.65 | AV6: =IF(AV7="",NA(),AV7) -> 321.78 | AW6: =IF(AW7="",NA(),AW7) -> 374.47 | AX6: =IF(AX7="",NA(),AX7) -> 391.1 | AY6: =IF(AY7="",NA(),AY7) -> 335.95 | AZ6: =IF(AZ7="",NA(),AZ7) -> 346.59 | BA6: =IF(BA7="",NA(),BA7) -> 357.82 | ... BC6: =IF(BC7="",NA(),BC7) -> 349.83 | BD6: =IF(BD7="","",IF(BD7="-","【-】","【"&SUBSTITUTE(TEXT(BD7,"#,##0.00"),"-","△")&"】")) -> 【261.93】 | BE6: =IF(BE7="",NA(),BE7) -> 280.38 | BF6: =IF(BF7="",NA(),BF7) -> 268.11 | BG6: =IF(BG7="",NA(),BG7) -> 250.65 | BH6: =IF(BH7="",NA(),BH7) -> 266.61 | BI6: =IF(BI7="",NA(),BI7) -> 263.9 | BJ6: =IF(BJ7="",NA(),BJ7) -> 319.82 | BK6: =IF(BK7="",NA(),BK7) -> 312.03 | BL6: =IF(BL7="",NA(),BL7) -> 307.46 | ... BN6: =IF(BN7="",NA(),BN7) -> 314.87 | BO6: =IF(BO7="","",IF(BO7="-","【-】","【"&SUBSTITUTE(TEXT(BO7,"#,##0.00"),"-","△")&"】")) -> 【270.46】 | BP6: =IF(BP7="",NA(),BP7) -> 107.59 | BQ6: =IF(BQ7="",NA(),BQ7) -> 108.25 | BR6: =IF(BR7="",NA(),BR7) -> 111.86 | BS6: =IF(BS7="",NA(),BS7) -> 110.77 | BT6: =IF(BT7="",NA(),BT7) -> 106.19 | BU6: =IF(BU7="",NA(),BU7) -> 105.21 | BV6: =IF(BV7="",NA(),BV7) -> 105.71 | BW6: =IF(BW7="",NA(),BW7) -> 106.01 | ... BY6: =IF(BY7="",NA(),BY7) -> 103.54 | BZ6: =IF(BZ7="","",IF(BZ7="-","【-】","【"&SUBSTITUTE(TEXT(BZ7,"#,##0.00"),"-","△")&"】")) -> 【103.91】 | CA6: =IF(CA7="",NA(),CA7) -> 213.71 | CB6: =IF(CB7="",NA(),CB7) -> 212.85 | CC6: =IF(CC7="",NA(),CC7) -> 207.08 | CD6: =IF(CD7="",NA(),CD7) -> 208.86 | CE6: =IF(CE7="",NA(),CE7) -> 219.06 | CF6: =IF(CF7="",NA(),CF7) -> 162.59 | CG6: =IF(CG7="",NA(),CG7) -> 162.15 | CH6: =IF(CH7="",NA(),CH7) -> 162.24 | ... CJ6: =IF(CJ7="",NA(),CJ7) -> 167.46 | CK6: =IF(CK7="","",IF(CK7="-","【-】","【"&SUBSTITUTE(TEXT(CK7,"#,##0.00"),"-","△")&"】")) -> 【167.11】 | CL6: =IF(CL7="",NA(),CL7) -> 74.07 | CM6: =IF(CM7="",NA(),CM7) -> 73.93 | CN6: =IF(CN7="",NA(),CN7) -> 73.25 | CO6: =IF(CO7="",NA(),CO7) -> 72.6 | CP6: =IF(CP7="",NA(),CP7) -> 72.24 | CQ6: =IF(CQ7="",NA(),CQ7) -> 59.17 | CR6: =IF(CR7="",NA(),CR7) -> 59.34 | CS6: =IF(CS7="",NA(),CS7) -> 59.11 | ... CU6: =IF(CU7="",NA(),CU7) -> 59.46 | CV6: =IF(CV7="","",IF(CV7="-","【-】","【"&SUBSTITUTE(TEXT(CV7,"#,##0.00"),"-","△")&"】")) -> 【60.27】 | CW6: =IF(CW7="",NA(),CW7) -> 92.22 | CX6: =IF(CX7="",NA(),CX7) -> 91.31 | CY6: =IF(CY7="",NA(),CY7) -> 92.03 | CZ6: =IF(CZ7="",NA(),CZ7) -> 91 | DA6: =IF(DA7="",NA(),DA7) -> 90.71 | DB6: =IF(DB7="",NA(),DB7) -> 87.6 | DC6: =IF(DC7="",NA(),DC7) -> 87.74 | DD6: =IF(DD7="",NA(),DD7) -> 87.91 | ... DF6: =IF(DF7="",NA(),DF7) -> 87.41 | DG6: =IF(DG7="","",IF(DG7="-","【-】","【"&SUBSTITUTE(TEXT(DG7,"#,##0.00"),"-","△")&"】")) -> 【89.92】 | DH6: =IF(DH7="",NA(),DH7) -> 45.71 | DI6: =IF(DI7="",NA(),DI7) -> 47.58 | DJ6: =IF(DJ7="",NA(),DJ7) -> 49.34 | DK6: =IF(DK7="",NA(),DK7) -> 50.83 | DL6: =IF(DL7="",NA(),DL7) -> 50.71 | DM6: =IF(DM7="",NA(),DM7) -> 45.25 | DN6: =IF(DN7="",NA(),DN7) -> 46.27 | DO6: =IF(DO7="",NA(),DO7) -> 46.88 | ... DQ6: =IF(DQ7="",NA(),DQ7) -> 47.62 | DR6: =IF(DR7="","",IF(DR7="-","【-】","【"&SUBSTITUTE(TEXT(DR7,"#,##0.00"),"-","△")&"】")) -> 【48.85】 | DS6: =IF(DS7="",NA(),DS7) -> 9.43 | DT6: =IF(DT7="",NA(),DT7) -> 9.27 | DU6: =IF(DU7="",NA(),DU7) -> 10.36 | DV6: =IF(DV7="",NA(),DV7) -> 13.09 | DW6: =IF(DW7="",NA(),DW7) -> 15.43 | DX6: =IF(DX7="",NA(),DX7) -> 10.71 | DY6: =IF(DY7="",NA(),DY7) -> 10.93 | DZ6: =IF(DZ7="",NA(),DZ7) -> 13.39 | ... EB6: =IF(EB7="",NA(),EB7) -> 16.27 | EC6: =IF(EC7="","",IF(EC7="-","【-】","【"&SUBSTITUTE(TEXT(EC7,"#,##0.00"),"-","△")&"】")) -> 【17.80】 | ED6: =IF(ED7="",NA(),ED7) -> 0.98 | EE6: =IF(EE7="",NA(),EE7) -> 0.51 | EF6: =IF(EF7="",NA(),EF7) -> 0.53 | EG6: =IF(EG7="",NA(),EG7) -> 0.45 | EH6: =IF(EH7="",NA(),EH7) -> 0.44 | EI6: =IF(EI7="",NA(),EI7) -> 0.72 | EJ6: =IF(EJ7="",NA(),EJ7) -> 0.71 | EK6: =IF(EK7="",NA(),EK7) -> 0.71 | ... EM6: =IF(EM7="",NA(),EM7) -> 0.63 | EN6: =IF(EN7="","",IF(EN7="-","【-】","【"&SUBSTITUTE(TEXT(EN7,"#,##0.00"),"-","△")&"】")) -> 【0.70】
B7: 2018 | C7: 122025 | D7: 46 | E7: 1 | F7: 0 | G7: 1 | H7: 千葉県 銚子市 | I7: 法適用 | J7: 水道事業 | K7: 末端給水事業 | L7: A4 | M7: 非設置 | N7: - | O7: 70.16 | P7: 98.86 | Q7: 3013 | R7: 61684 | S7: 84.2 | T7: 732.59 | U7: 60448 | V7: 62.8 | W7: 962.55 | X7: 109.8 | Y7: 110.41 | Z7: 113.72 | AA7: 112.09 | AB7: 108.72 | AC7: 111.96 | AD7: 112.69 | AE7: 113.16 | AF7: 112.15 | AG7: 111.44 | AH7: 112.83 | AI7: 0 | AJ7: 0 | AK7: 0 | AL7: 0 | AM7: 0 | AN7: 0.41 | AO7: 0.54 | AP7: 0.68 | AQ7: 1 | AR7: 1.03 | AS7: 1.05 | AT7: 300.47 | AU7: 289.65 | AV7: 321.78 | AW7: 374.47 | AX7: 391.1 | AY7: 335.95 | AZ7: 346.59 | BA7: 357.82 | BB7: 355.5 | BC7: 349.83 | BD7: 261.93 | BE7: 280.38 | BF7: 268.11 | BG7: 250.65 | BH7: 266.61 | BI7: 263.9 | BJ7: 319.82 | BK7: 312.03 | BL7: 307.46 | BM7: 312.58 | BN7: 314.87 | BO7: 270.46 | BP7: 107.59 | BQ7: 108.25 | BR7: 111.86 | BS7: 110.77 | BT7: 106.19 | BU7: 105.21 | BV7: 105.71 | BW7: 106.01 | BX7: 104.57 | BY7: 103.54 | BZ7: 103.91 | CA7: 213.71 | CB7: 212.85 | CC7: 207.08 | CD7: 208.86 | CE7: 219.06 | CF7: 162.59 | CG7: 162.15 | CH7: 162.24 | CI7: 165.47 | CJ7: 167.46 | CK7: 167.11 | CL7: 74.07 | CM7: 73.93 | CN7: 73.25 | CO7: 72.6 | CP7: 72.24 | CQ7: 59.17 | CR7: 59.34 | CS7: 59.11 | CT7: 59.74 | CU7: 59.46 | CV7: 60.27 | CW7: 92.22 | CX7: 91.31 | CY7: 92.03 | CZ7: 91 | DA7: 90.71 | DB7: 87.6 | DC7: 87.74 | DD7: 87.91 | DE7: 87.28 | DF7: 87.41 | DG7: 89.92 | DH7: 45.71 | DI7: 47.58 | DJ7: 49.34 | DK7: 50.83 | DL7: 50.71 | DM7: 45.25 | DN7: 46.27 | DO7: 46.88 | DP7: 46.94 | DQ7: 47.62 | DR7: 48.85 | DS7: 9.43 | DT7: 9.27 | DU7: 10.36 | DV7: 13.09 | DW7: 15.43 | DX7: 10.71 | DY7: 10.93 | DZ7: 13.39 | EA7: 14.48 | EB7: 16.27 | EC7: 17.8 | ED7: 0.98 | EE7: 0.51 | EF7: 0.53 | EG7: 0.45 | EH7: 0.44 | EI7: 0.72 | EJ7: 0.71 | EK7: 0.71 | EL7: 0.75 | EM7: 0.63 | EN7: 0.7
B9: Ｎ－４年度 | C9: Ｎ－３年度 | D9: Ｎ－２年度 | E9: Ｎ－１年度 | F9: Ｎ年度
A10: 年度 | B10: =DATEVALUE($B$6-4&"年1月1日") -> 41640 | C10: =DATEVALUE($B$6-3&"年1月1日") -> 42005 | D10: =DATEVALUE($B$6-2&"年1月1日") -> 42370 | E10: =DATEVALUE($B$6-1&"年1月1日") -> 42736 | F10: =DATEVALUE($B$6&"年1月1日") -> 43101
